 Dungeon Crawl Stone Soup version 0.29.1-1-gd02db6906a (webtiles) character file.

Game seed: 16796465116810217810

199 Descartes the Scratcher (level 5, -2/23 HPs)
             Began as a Felid Transmuter on Oct 7, 2022.
             Was an Initiate of Elyvilon.
             Slain by a hound (3 damage)
             ... on level 4 of the Dungeon.
             The game lasted 00:09:07 (6622 turns).

Descartes the Scratcher (Felid Transmuter)          Turns: 6622, Time: 00:09:08

Health: -2/23      AC:  1    Str:  8    XL:     5   Next: 48%
Magic:  9/9        EV: 19    Int: 14    God:    Elyvilon [......]
Gold:   202        SH:  0    Dex: 17    Spells: 5/8 levels left
                                        Lives:  0   Deaths: 1

rFire   . . .      SeeInvis +     - Unarmed
rCold   . . .      Faith    .   (shield unavailable)
rNeg    . . .      Spirit   .   (body armour unavailable)
rPois   .          Reflect  .   (helmet unavailable)
rElec   .          Harm     .   (cloak unavailable)
rCorr   .          Rampage  .   (gloves unavailable)
Will    .....                   (boots unavailable)
Stlth   +++.......              (no amulet)
HPRegen 0.07/turn               (no ring)
MPRegen 0.11/turn               (no ring)

@: appendages (expiring), quick
A: horns 2, very small, claws 1, fangs 3, see invisible, speed 1, shaggy fur 1,
stealthy paws, no weapons or thrown items, no armour, multi-lived
a: End Transformation, Renounce Religion


You were on level 4 of the Dungeon.
You worshipped Elyvilon.
Elyvilon was noncommittal.
You had temporarily grown beastly horns.
You visited 2 branches of the dungeon, and saw 6 of its levels.

You collected 202 gold pieces.

Inventory:

Jewellery
 m - an amulet of the acrobat
Wands
 j - a wand of iceblast (8)
Scrolls
 b - 3 scrolls of immolation {unknown}
 e - 3 scrolls of identify {unknown}
 f - 2 scrolls of poison {unknown}
 g - 2 scrolls of teleportation {unknown}
 q - a scroll of noise {unknown}
 r - 3 scrolls of butterflies {unknown}
 s - 2 scrolls of enchant weapon {unknown}
 t - a scroll of vulnerability {unknown}
 u - a scroll of brand weapon {unknown}
 v - 3 scrolls of magic mapping {unknown}
Potions
 a - a potion of lignification
 c - 2 potions of flight {unknown}
 d - a potion of attraction {unknown}
 h - a potion of invisibility {unknown}
 i - a potion of curing {unknown}
 k - a potion of might {unknown}
 l - 3 potions of degeneration {unknown}
 n - 3 potions of heal wounds {unknown}
 o - a potion of magic {unknown}
 p - a potion of mutation {unknown}


   Skills:
 + Level 2.4 Fighting
 + Level 4.3 Dodging
 + Level 3.4 Stealth
 * Level 4.5 Unarmed Combat
 - Level 2.0 Spellcasting
 + Level 3.4 Transmutations
 + Level 1.4 Evocations


You had 5 spell levels left.
You knew the following spells:

 Your Spells              Type           Power      Damage    Failure   Level
a - Beastly Appendage     Tmut           20%        N/A       6%          1
b - Wereblood             Tmut           10%        N/A       9%          2

Your spell library contained the following spells:

 Spells                   Type           Power      Damage    Failure   Level
 Apportation              Tloc           2%         N/A       24%         1
 Spider Form              Tmut/Pois      6%         N/A       34%         3
 Ice Form                 Ice/Tmut       6%         N/A       75%         4
 Summon Ice Beast         Ice/Summ       1%         N/A       93%         4
 Alistair's Intoxication  Tmut/Pois      4%         N/A       97%         5
 Summon Mana Viper        Hex/Summ       1%         N/A       100%        5
 Monstrous Menagerie      Summ           0%         N/A       100%        7


Dungeon Overview and Level Annotations

Branches:
Dungeon (5/15)             Temple (1/1) D:4

Altars:
Ashenzari
Dithmenos
Elyvilon
Hepliaklqana
Kikubaaqudgha
Nemelex Xobeh
Okawaru
Qazlal
Trog
Uskayaw
Wu Jian
Zin
The Shining One

Shops:
D:4 !

Annotations:
D:5 Eustachio


Innate Abilities, Weirdness & Mutations

You have temporarily grown beastly horns.
You have sharp claws.
You have razor-sharp teeth.
You have supernaturally acute eyesight. (SInv)
You cover ground quickly. (Speed+)
You are covered in fur. (AC +1)
Your paws help you pounce on unaware monsters.
You are incapable of wielding weapons or throwing items.
You cannot wear armour.
You gain extra lives every three experience levels.


Message History

You hear a shout!
Found a stone staircase leading up.
There is a stone staircase leading up here.
An orc comes into view. It is wielding a +0 short sword.
An orc comes into view. It is wielding a +0 club.
You barely miss the orc.
Your transformation is almost over.
The orc hits you with a +0 club.
You scratch the hound but do no damage. Your bite misses the hound.
The hound misses you. The orc hits you with a +0 club.
Found 7 stones.
The hound barely misses you.
There is a stone staircase leading up here.
Magic restored.
The hound completely misses you.
You climb upwards.
There is a stone staircase leading down here.
Casting: Beastly Appendage (safe; 6% risk of failure)
Confirm with . or Enter, or press ? or * to list all spells.
You extend your transformation's duration.
The hound barely misses you. The hound bites you.
You scratch the hound but do no damage. The hound misses you.
You scratch the hound. You headbutt the hound.
The hound is almost dead.
The hound closely misses you.
You barely miss the hound.
The hound is almost dead.
The hound bites you. x2
* * * LOW HITPOINT WARNING * * *
You are too injured to fight recklessly!
The hound barely misses you. The hound attacks as you move away!
The hound completely misses you. The hound attacks as you move away!
The hound bites you.
* * * LOW HITPOINT WARNING * * *
Your transformation is almost over.
The hound closely misses you. The hound attacks as you move away!
The hound bites you.
* * * LOW HITPOINT WARNING * * *
The hound barely misses you. The hound attacks as you move away!
The hound bites you.
You die...

#..# #......# ######..#
####......#
#######......####....<....#
##.......####.#....#####.###
#####..#######......#### #.#
......#######..#..##.# #.#
#########.....##.###.# #.#
...###....######.# #.# #.#
.......#### #@# #.# ##)#
###.#### #h# #.# #..#
#....### #.# #.# ##.##
####...# #.# #.# #..# ###.##
#.# #.# ##.## #..# ##.# #.#
#..# ##.## #..# #.# ##.##
#..# #.## #.###..# ##.## #.#
#.#...##


You could see a hound.

Vanquished Creatures
  A black bear (D:4)
  2 orc priests (D:4)
  An iguana (D:4)
  4 adders
  A worm (D:4)
  3 dart slugs
  6 orcs (D:3)
  7 ball pythons
  6 endoplasms
  3 giant cockroaches
  7 hobgoblins
  13 jackals
  4 quokkas
  8 bats
  4 frilled lizards
  10 goblins
  4 kobolds
  2 rats
86 creatures vanquished.

Notes
Turn   | Place    | Note
-------+----------+-------------------------------------------
     0 | D:1      | Descartes the Felid Transmuter began the quest for the Orb.
     0 | D:1      | Reached XP level 1. HP: 9/9 MP: 4/4
   556 | D:1      | Reached XP level 2. HP: 12/12 MP: 4/6
   619 | D:1      | Reached skill level 1 in Stealth
  1669 | D:1      | Reached XP level 3. HP: 6/15 MP: 5/7
  3044 | D:3      | Reached XP level 4. HP: 19/19 MP: 6/8
  3492 | D:3      | Found a hide-covered altar of Uskayaw.
  3793 | D:3      | Learned a level 2 spell: Wereblood
  4528 | D:4      | Found a hazy altar of Hepliaklqana.
  4531 | D:4      | Found a staircase to the Ecumenical Temple.
  4541 | Temple   | Entered the Ecumenical Temple
  4685 | Temple   | Became a worshipper of Elyvilon the Healer
  4703 | D:4      | Noticed a black bear
  4706 | D:4      | Found Zeaconn's Distillery.
  4727 | D:4      | Killed a black bear
  4728 | D:4      | Reached skill level 1 in Evocations
  4728 | D:4      | Reached XP level 5. HP: 8/22 MP: 7/9
  4736 | D:4      | HP: 1/22 [worm (8)]
  5928 | D:4      | Elyvilon protects you from harm!
  5929 | D:4      | Killed from afar by an orc priest
  5930 | D:4      | Reached XP level 4. HP: -2/19 MP: 8/8
  5930 | D:4      | Found a sparkling altar of Nemelex Xobeh.
  6092 | D:3      | Reached XP level 5. HP: 18/22 MP: 7/9
  6587 | D:5      | Entered Level 5 of the Dungeon
  6587 | D:5      | Noticed Eustachio
  6614 | D:4      | HP: 1/23 [hound (3)]
  6622 | D:4      | Slain by a hound

Illustrated notes

Levels and vault maps discovered:
D:1:      dpeg_arrival_another_circle, layout_loops_corners
D:2:      layout_loops_ring
D:3:      layout_loops_cross, mainiacjoe_overflow_six_doors_small,
          dk_vineyard_3, st_stairs_10, kennysheep_generic_room_6
D:4:      layout_rooms, kennysheep_mini, nemelex_spade_bored_becter,
          minmay_temple_entry_trees, serial_shops, shop
D:5:      layout_rooms, uniq_eustachio
Temple:   hellmonk_temple_flake

Skill      XL: |  1  2  3  4  5 |
---------------+----------------+-----
Stealth        | 1 2 3 |  3.4
Dodging        | 3 4 |  4.3
Fighting       | 2 |  2.4
Unarmed Combat | 4 |  4.5
Transmutations | 3 |  3.4
Evocations     | 1 |  1.4
Spellcasting   | |  2.0

Action                   |  1- 3 |  4- 6 || total
-------------------------+-------+-------++-------
Melee: Unarmed           |    98 |   143 ||   241
       Headbutt          |    17 |    24 ||    41
       Bite              |     9 |    14 ||    23
       Punch             |     1 |     1 ||     2
 Cast: Beastly Appendage |    29 |    39 ||    68
 Stab: Sleeping          |     6 |     3 ||     9
Armor: Skin              |    10 |     2 ||    12
Dodge: Dodged            |    75 |    98 ||   173
